 Dungeon Crawl Stone Soup version 0.22-a0-322-g60b3cfd (webtiles) character file.

91 xccam the Chopper (level 4, 0/35 HPs)
             Began as a Formicid Fighter on Apr 2, 2018.
             Slain by an orc wizard
             ... wielding a +0 dagger
              (3 damage)
             ... on level 3 of the Dungeon.
             The game lasted 00:03:27 (2114 turns).

xccam the Chopper (Formicid Fighter)                Turns: 2114, Time: 00:03:28

Health: 0/35       AC:  6    Str: 22    XL:     4   Next: 88%
Magic:  4/4        EV:  8    Int:  7    God:
Gold:   133        SH:  9    Dex: 10    Spells: 3/3 levels left

rFire    . . .     SeeInvis +   a - +0 war axe
rCold    . . .     Gourm    .   c - +0 shield
rNeg     . . .     Faith    .   b - +0 scale mail
rPois    .         Spirit   .   (helmet unavailable)
rElec    .         Reflect  .   (no cloak)
rCorr    .         Harm     .   (no gloves)
MR       .....                  (no boots)
Stlth    ..........             (no amulet)
HPRegen  0.11/turn              (no ring)
MPRegen  0.09/turn              (no ring)

@: no status effects
A: permanent stasis, dig shafts and tunnels, four strong arms, antennae 3
a: Dig, Shaft Self


You were on level 3 of the Dungeon.
You were not hungry.

You visited 1 branch of the dungeon, and saw 3 of its levels.

You collected 133 gold pieces.

Inventory:

Hand Weapons
 a - a +0 war axe (weapon)
Armour
 b - a +0 scale mail (worn)
 c - a +0 shield (worn)
Scrolls
 e - a scroll of blinking {unknown}
 j - 2 scrolls of remove curse {unknown}
 k - a scroll of fog {unknown}
 l - a scroll of magic mapping {unknown}
 m - a scroll of identify {unknown}
Potions
 d - 2 potions of might
 g - 5 potions of curing {unknown}
 h - a potion of resistance {unknown}
 i - a potion of haste {unknown}
 n - a potion of brilliance {unknown}
Comestibles
 f - 2 rations


   Skills:
 - Level 3.2 Fighting
 + Level 4.6 Axes
 - Level 3.2 Armour
 - Level 3.6 Shields


You had 3 spell levels left.
You didn't know any spells.

Dungeon Overview and Level Annotations

Branches:
Dungeon (3/15)

Altars:
Fedhas


Innate Abilities, Weirdness & Mutations

You cannot be hasted, slowed, berserked, paralysed or teleported.
You can dig through walls and to a lower floor.
Your four strong arms can wield two-handed weapons with a shield.
You have a pair of large antennae on your head. (SInv)


Message History

You are too injured to fight recklessly!
You are too injured to fight recklessly!
You are too injured to fight recklessly!
You are too injured to fight recklessly!
You are too injured to fight recklessly!
You are too injured to fight recklessly!
You closely miss the orc wizard.
The orc wizard is heavily wounded.
You closely miss the orc wizard.
The orc wizard points at you and mumbles some strange words.
The magic dart hits you! You block the orc wizard's attack.
You closely miss the orc wizard.
The orc wizard is heavily wounded.
You hit the orc wizard but do no damage.
You block the orc wizard's attack. The orc wizard barely misses you.
The orc wizard casts a spell at you. The magic dart hits you!
* * * LOW HITPOINT WARNING * * *
The orc wizard hits you with a dagger.
You die...

#.# #.....#
#.# #####.#
#.# #.#
###.# #(#
....# #.#
##### #.#
#.#
#########.#{
{
....ooo@o.#
###########
{


You could see an orc priest, 2 orc wizards and an orc.

Vanquished Creatures
  A gnoll (D:1)
  An ooze (D:2)
  3 worms
  2 dart slugs
  2 leopard geckos (D:2)
  11 bats
  A giant cockroach (D:3)
  13 goblins
  5 hobgoblins
  A quokka (D:2)
  2 ball pythons
  3 frilled lizards
  12 kobolds
  5 rats
62 creatures vanquished.

Notes
Turn   | Place    | Note
-------+----------+-------------------------------------------
     0 | D:1      | xccam the Formicid Fighter began the quest for the Orb.
     0 | D:1      | Reached XP level 1. HP: 18/18 MP: 1/1
    18 | D:1      | Reached XP level 2. HP: 20/24 MP: 2/2
    53 | D:1      | Reached skill level 3 in Axes
   216 | D:1      | Reached XP level 3. HP: 29/29 MP: 3/3
   764 | D:2      | Found a blossoming altar of Fedhas.
  1077 | D:2      | Reached skill level 4 in Axes
  1077 | D:2      | Reached XP level 4. HP: 35/35 MP: 4/4
  2114 | D:3      | Slain by an orc wizard

Vault maps used:
D:1:      dpeg_arrival_water_temple_mockup, minivault_23,
          hangedman_decor_clover_reticule
D:2:      lemuel_crystal_altar

Skill      XL: |  1  2  3 |
---------------+----------+-----
Axes           | 3 4 |  4.6
Fighting       | |  3.2
Armour         | |  3.2
Shields        | |  3.6

Action                   |  1- 3 |  4- 6 || total
-------------------------+-------+-------++-------
Melee: War axe           |   103 |    96 ||   199
  Eat: Chunk             |       |     4 ||     4
Armor: Scale mail        |    40 |    37 ||    77
Dodge: Dodged            |    26 |    26 ||    52
Block: Shield            |    55 |    49 ||   104

Table legend:
 A = Spawn XP
 B = Non-spawn XP
 C = Spawn XP percentage of total XP
 D = Spawn monster count
 E = Non-spawn monster count
 F = Spawn count percentage of total count
 G = Total turns spent on level
                    A         B        C        D         E        F      G
               +---------+---------+-------+---------+---------+-------+---------
         Total |       0 |     131 |   0.0 |       0 |      62 |   0.0 |  2114
               +---------+---------+-------+---------+---------+-------+---------
           D:1 |       0 |      48 |   0.0 |       0 |      22 |   0.0 |   710
           D:2 |       0 |      50 |   0.0 |       0 |      23 |   0.0 |   833
           D:3 |       0 |      33 |   0.0 |       0 |      17 |   0.0 |   571
               +---------+---------+-------+---------+---------+-------+---------
